 Dungeon Crawl Stone Soup version 0.30.0-10-gfe55d96785 (webtiles) character file.

Game seed: 6792120435750929694

16095 NinjaNoafa the Fighter (level 12, -6/102 HPs)
             Began as a Merfolk Artificer on May 14, 2023.
             Was a Follower of Uskayaw.
             Mangled by a spriggan rider
             ... wielding a +0 spear
              (11 damage)
             ... while petrified by a basilisk
             ... on level 1 of the Lair of Beasts.
             The game lasted 00:47:21 (13010 turns).

NinjaNoafa the Fighter (Merfolk Artificer)         Turns: 13010, Time: 00:47:21

Health: -6/102     AC:  7    Str:  9    XL:     12   Next: 33%
Magic:  16/16      EV:  2    Int: 13    God:    Uskayaw [*.....]
Gold:   703        SH:  0    Dex: 21    Spells: 11/11 levels left

rFire   + . .        a - +2 short sword (elec)
rCold   + . .        H - +2 buckler
rNeg    + + +        s - +2 robe {rC+}
rPois   ∞            m - +0 helmet
rElec   .            (no cloak)
rCorr   +            w - +0 pair of gloves
SInv    .            M - +0 pair of boots {Stlth+}
Will    .....        v - amulet "Umoohuiwk" {Rampage Regen+ Str-4 Int+3 Dex+2}
Stlth   ++++++       G - ring of protection from fire
HPRegen 1.17/turn    Q - ring of resist corrosion
MPRegen 0.15/turn

%: rampage
@: petrified
A: (nimble swimmer 2), mertail
a: Renounce Religion, Stomp


You were on level 1 of the Lair of Beasts.
You worshipped Uskayaw.
Uskayaw was noncommittal.
You visited 3 branches of the dungeon, and saw 15 of its levels.
You also visited: Sewer and Ice Cave.

You collected 1062 gold pieces.
You spent 359 gold pieces at shops.

Inventory:

Hand Weapons
 a - a +2 short sword of electrocution (weapon)
 b - a +2 short sword of draining
Missiles
 h - 11 poisoned darts (quivered)
 p - 2 throwing nets
 N - 5 curare-tipped darts
Armour
 c - +0 ice dragon scales
 m - a +0 helmet (worn)
 s - a +2 robe of cold resistance (worn)
 w - a +0 pair of gloves (worn)
 H - a +2 buckler (worn)
 M - a +0 pair of boots of stealth (worn)
Jewellery
 v - the amulet "Umoohuiwk" (around neck) {Rampage Regen+ Str-4 Int+3 Dex+2}
   (You found it on level 9 of the Dungeon)

   [amulet of regeneration]

   Str:       It affects your strength (-4).
   Int:       It affects your intelligence (+3).
   Dex:       It affects your dexterity (+2).
   Regen:     It increases your rate of health regeneration.
   Rampage:   It bestows one free step when moving towards enemies.
 C - the ring "Uruheom" {rC+ Will+ Str+2}
   (You found it in an ice cave)

   [ring of protection from cold]

   Str:       It affects your strength (+2).
   rC:        It protects you from cold.
   Will:      It increases your willpower.
 G - a ring of protection from fire (left hand)
 Q - a ring of resist corrosion (right hand)
 S - an amulet of faith
Wands
 d - a wand of charming (7)
 e - a wand of iceblast (2)
 r - a wand of polymorph (4)
 F - a wand of digging (3)
 O - a wand of paralysis (5)
Scrolls
 f - 2 scrolls of fear
 o - 3 scrolls of teleportation
 x - 7 scrolls of vulnerability
 y - 2 scrolls of torment {unknown}
 z - 3 scrolls of silence {unknown}
 D - 3 scrolls of fog {unknown}
 E - 2 scrolls of magic mapping
 I - 2 scrolls of blinking {unknown}
 J - 2 scrolls of acquirement {unknown}
 K - a scroll of poison {unknown}
 R - a scroll of noise
Potions
 g - 3 potions of ambrosia
 i - 2 potions of resistance
 j - 2 potions of attraction
 k - 9 potions of curing
 l - 2 potions of might {unknown}
 n - 3 potions of haste
 q - 2 potions of berserk rage
 t - 4 potions of lignification
 u - 2 potions of flight
 B - a potion of mutation
 L - 4 potions of brilliance


   Skills:
 - Level 12.0 Fighting
 - Level 10.0 Short Blades
 - Level 0.6 Armour
 - Level 10.0 Dodging
 - Level 10.0 Stealth
 - Level 5.0 Shields
 + Level 6.1 Invocations
 - Level 6.0 Evocations


You had 11 spell levels left.
You didn't know any spells.
Your spell library contained the following spells:

 Spells                   Type           Power      Damage    Failure   Level
 Magic Dart               Conj           0%         1d3       41%         1
 Call Imp                 Summ           0%         N/A       56%         2
 Mephitic Cloud           Conj/Pois/Air  0%         N/A       80%         3


Dungeon Overview and Level Annotations

Branches:
Dungeon (13/15) Zot: 25623  Temple (1/1) D:7 Zot: 5827    Lair (1/5) D:8 Zot: 5877
  Sewer (visited)           IceCv (visited)
    Orc: D:9-12      Vaults: D:13-14

Altars:
Ashenzari
Cheibriados
Dithmenos
Elyvilon
Fedhas
Gozag
Hepliaklqana
Makhleb
Nemelex Xobeh
Okawaru
Qazlal
Ru
Sif Muna
Trog
Uskayaw
Vehumet
Wu Jian
Xom
Yredelemnul
Zin
The Shining One
Lugonu

Shops:
D:8 *   D:11 (

Portals:
Abyss: D:12

Annotations:
D:10 Erica, Urug


Innate Abilities, Weirdness & Mutations

((You are very nimble when in or above water. (Stealth+, EV+, Speed+++)))
Your lower body shifts to a powerful aquatic tail in water.


Message History

* * * LOW HITPOINT WARNING * * *
The wolf bites you but does no damage. The wolf bites you.
* * * LOW HITPOINT WARNING * * *
The wolf bites you but does no damage.
The spriggan rider hits you from afar with a +0 spear.
* * * LOW HITPOINT WARNING * * *
The wolf bites you.
* * * LOW HITPOINT WARNING * * *
The wolf bites you!
* * * LOW HITPOINT WARNING * * *
The wolf bites you.
* * * LOW HITPOINT WARNING * * *
The wolf bites you but does no damage. The wolf bites you.
* * * LOW HITPOINT WARNING * * *
The spriggan rider hits you from afar with a +0 spear!!
* * * LOW HITPOINT WARNING * * *
The wolf bites you but does no damage.
The wolf stops to sniff the ground.
The wolf bites you.
* * * LOW HITPOINT WARNING * * *
The wolf bites you. The wolf bites you but does no damage.
A black bear comes into view.
The wolf bites you.
The spriggan rider hits you from afar with a +0 spear!!
* * * LOW HITPOINT WARNING * * *
The wolf bites you!
* * * LOW HITPOINT WARNING * * *
The wolf bites you. x3
* * * LOW HITPOINT WARNING * * *
The wolf bites you.
* * * LOW HITPOINT WARNING * * *
The spriggan rider hits you from afar with a +0 spear!
* * * LOW HITPOINT WARNING * * *
The wolf bites you. x2
The wolf bites you but does no damage. The wolf bites you!
* * * LOW HITPOINT WARNING * * *
The wolf bites you.
* * * LOW HITPOINT WARNING * * *
The spriggan rider hits you from afar with a +0 spear!!
You die...

,,,,,,,,,,,,,*,,,,,,,,**,,..+....
,,,,,,8.......♣##.,#.**,,,..#....
,,,,,,,..8.......#+.##**,,.....##
,,,8,,,...............,,,,.......
,,,,,,,.............,,,,,........
,,8,,,,...8..hhh.>.,,,,,,........
,,,,,,,.......hh.#*,*****........
,,,,,,,......hhh##*** *#.......
,,,8,,,..8..lhih@####### #.......
,,,,,,8......h♣h#......# #.......
,,,,,,,......♣♣##......# #..#...#
,,,,,,,......,* #......# #..#..#.
,*,,,,,.....,,**#......###..#.#..
*,,*,,,..♣♣.,,,*#####.'##...#..#.
*,,,,,,.,,.,,,** ##.##.......#
*,,*,,,,,..,,,.#######'.#P..###..
*,,,,,,,,,,,,,..............###P.


You could see a spriggan rider, a komodo dragon and 12 wolves.

Vanquished Creatures
  A two-headed ogre (D:9)
  An ice dragon (IceCv)
  A centaur warrior (D:9)
  A boulder beetle (D:11)
  Sonja (D:10)
  2 ugly things
  Joseph (D:8)
  2 slime creatures (D:13)
  2 ice statues (IceCv)
  4 komodo dragons
  4 rime drakes (IceCv)
  Grinder (D:5)
  A hornet (D:9)
  3 blink frogs (Lair:1)
  Sigmund (D:2)
  A shadow (D:11)
  A vampire (D:8)
  2 wraiths (D:11)
  A wyvern (D:11)
  A yak (D:6)
  A vampire mosquito (D:6)
  2 steam dragons (D:8)
  A redback (D:9)
  3 water moccasins
  2 acid dragons
  2 ice beasts (D:6)
  4 orc warriors
  5 black bears
  3 ogres
  9 centaurs
  3 phantoms
  3 kobold brigands
  3 gnoll sergeants
  2 bullfrogs (D:8)
  3 scorpions
  12 wights
  8 killer bees
  3 lindwurm simulacra (IceCv)
  An electric eel (D:9)
  5 howler monkeys
  7 komodo dragon simulacra (IceCv)
  6 hounds
  4 jellies
  3 orc priests
  A sleepcap (D:6)
  Jessica (D:2)
  An iguana (D:7)
  Natasha (thrice) (D:4)
  10 orc wizards
  A mummy (D:4)
  15 gnolls
  6 acid dragon simulacra (IceCv)
  15 adders
  2 river rats (Sewer)
  A shadow imp (D:8)
  2 white imps
  5 steam dragon simulacra (IceCv)
  3 dart slugs
  31 orcs
  4 bats
  6 endoplasms
  11 giant cockroaches
  3 goblins
  5 hobgoblins
  4 quokkas
  8 ball pythons
  6 frilled lizards
  15 kobolds
  9 rats
  A lurking horror (D:12)
296 creatures vanquished.

Vanquished Creatures (collateral kills)
  A yak (D:8)
  An orc warrior (D:8)
  A scorpion (D:5)
  3 killer bees (D:8)
  2 orcs (D:8)
  3 kobolds (D:4)
11 creatures vanquished.

Vanquished Creatures (others)
  2 scorpions
  An orc priest (D:8)
  An orc wizard (D:6)
  A hobgoblin (D:4)
  A ballistomycete spore (D:4)
6 creatures vanquished.

Grand Total: 313 creatures vanquished

Notes
Turn   | Place    | Note
-------+----------+-------------------------------------------
     0 | D:1      | NinjaNoafa the Merfolk Artificer began the quest for the
                  | Orb.
     0 | D:1      | Reached XP level 1. HP: 15/15 MP: 1/1
    67 | D:1      | Reached XP level 2. HP: 10/21 MP: 2/2
   439 | D:2      | Reached skill level 1 in Short Blades
   553 | D:2      | Reached XP level 3. HP: 26/26 MP: 3/3
   709 | D:2      | Reached XP level 4. HP: 28/32 MP: 4/4
   784 | D:2      | Noticed Sigmund
   850 | D:2      | Killed Sigmund
   851 | D:2      | Reached skill level 5 in Evocations
   851 | D:2      | Reached XP level 5. HP: 17/37 MP: 5/5
   851 | D:2      | Reached XP level 6. HP: 20/43 MP: 6/6
  1024 | D:2      | Noticed Jessica
  1030 | D:2      | Killed Jessica
  1427 | D:3      | Noticed a black bear
  1441 | D:2      | Killed a black bear
  1442 | D:2      | Reached skill level 5 in Short Blades
  1755 | D:3      | Found a faded altar of an unknown god.
  1764 | D:3      | Found a white marble altar of Elyvilon.
  1904 | D:3      | Found a bloodstained altar of Trog.
  2260 | D:4      | Reached XP level 7. HP: 12/48 MP: 7/7
  2375 | D:4      | Noticed Natasha
  2378 | D:4      | Killed Natasha
  2601 | D:4      | Found a glowing drain.
  2614 | Sewer    | Entered a sewer
  3207 | D:4      | Found a blossoming altar of Fedhas.
  3331 | D:4      | Noticed Natasha
  3352 | D:4      | Killed Natasha
  3734 | D:5      | Entered Level 5 of the Dungeon
  3764 | D:4      | Noticed Natasha
  3776 | D:4      | Killed Natasha
  3783 | D:5      | Noticed Grinder
  3788 | D:5      | Killed Grinder
  3789 | D:5      | Reached XP level 8. HP: 52/54 MP: 8/8
  4157 | D:5      | Reached skill level 10 in Short Blades
  4174 | D:5      | Identified the +1 war axe "Visaet" {spect, Dex+5}
  4187 | D:5      | Reached skill level 2 in Fighting
  4217 | D:5      | Found a burning altar of Makhleb.
  4225 | D:5      | Found a stormy altar of Qazlal.
  4510 | D:6      | Reached skill level 3 in Fighting
  4740 | D:5      | Reached XP level 9. HP: 25/65 MP: 9/9
  4881 | D:5      | Reached skill level 4 in Fighting
  4881 | D:5      | Reached skill level 1 in Shields
  5291 | D:6      | Reached skill level 5 in Fighting
  5848 | D:6      | Found a sparkling altar of Nemelex Xobeh.
  6152 | D:6      | Reached skill level 5 in Shields
  6152 | D:6      | Reached skill level 5 in Dodging
  6176 | D:6      | Reached skill level 6 in Fighting
  6725 | D:7      | Found a staircase to the Ecumenical Temple.
  6734 | Temple   | Entered the Ecumenical Temple
  6820 | Temple   | Became a worshipper of Uskayaw the Reveller
  6904 | Temple   | Reached * piety under Uskayaw
  6915 | D:7      | Reached ** piety under Uskayaw
  6991 | D:7      | Reached *** piety under Uskayaw
  7022 | D:7      | Reached skill level 7 in Fighting
  7022 | D:7      | Reached XP level 10. HP: 70/79 MP: 10/10
  7165 | D:7      | Found an ornate altar of the Wu Jian Council.
  7515 | D:8      | Reached skill level 8 in Fighting
  7720 | D:8      | Found a staircase to the Lair.
  7843 | D:8      | Noticed Joseph
  7868 | D:8      | Killed Joseph
  7869 | D:8      | Reached skill level 5 in Stealth
  8115 | D:8      | Reached skill level 9 in Fighting
  8193 | D:8      | Found Regruowa's Assorted Antiques.
  8199 | D:8      | Bought a scroll labelled SOUWA MYCH for 22 gold pieces
  8199 | D:8      | Bought a scroll labelled JOTHAG FOMMO for 22 gold pieces
  8199 | D:8      | Bought a pair of runed boots for 165 gold pieces
  8290 | D:8      | Found a glowing silver altar of Zin.
  8727 | D:8      | Noticed a lindwurm
  8737 | D:8      | Noticed a lindwurm
  8738 | D:8      | Noticed a lindwurm
  8740 | D:8      | Noticed a lindwurm
  9116 | D:9      | Identified the amulet "Umoohuiwk" {Rampage Regen+ Str-4
                  | Int+3 Dex+2}
  9395 | D:9      | Reached **** piety under Uskayaw
  9401 | D:9      | Reached XP level 11. HP: 55/90 MP: 11/11
  9406 | D:9      | Reached ***** piety under Uskayaw
  9407 | D:9      | Reached skill level 10 in Fighting
  9469 | D:9      | Found a glowing golden altar of the Shining One.
  9471 | D:9      | Found a sacrificial altar of Ru.
  9516 | D:9      | Found a snail-covered altar of Cheibriados.
  9930 | D:9      | Noticed a centaur warrior
  9932 | D:9      | Killed a centaur warrior
 10016 | D:10     | Entered Level 10 of the Dungeon
 10075 | D:10     | Noticed Sonja
 10078 | D:10     | Killed Sonja
 10113 | D:10     | Found an iron altar of Okawaru.
 10126 | D:10     | You fall into a shaft and drop 3 floors!
 10282 | D:13     | Reached skill level 11 in Fighting
 10283 | D:13     | Noticed a six-headed hydra
 10485 | D:12     | Found a corrupted altar of Lugonu.
 10492 | D:12     | Found a one-way gate to the infinite horrors of the Abyss.
 10598 | D:11     | Found Qaism's Antique Weapon Boutique.
 10606 | D:11     | Bought a glowing dagger for 150 gold pieces
 10778 | D:11     | Noticed a boulder beetle
 10800 | D:11     | Killed a boulder beetle
 10948 | D:11     | Noticed a white ugly thing
 10964 | D:11     | Killed a white ugly thing
 10979 | D:11     | Reached skill level 10 in Dodging
 11168 | D:11     | Reached skill level 12 in Fighting
 11316 | D:11     | Noticed a purple ugly thing
 11339 | D:10     | Killed a purple ugly thing
 11340 | D:10     | Reached skill level 1 in Invocations
 11412 | D:10     | Noticed Erica
 11413 | D:10     | Noticed a two-headed ogre
 11447 | D:9      | Killed a two-headed ogre
 11516 | D:10     | Noticed Urug
 11979 | Lair:1   | Entered Level 1 of the Lair of Beasts
 11992 | Lair:1   | Reached XP level 12. HP: 102/102 MP: 14/14
 12057 | Lair:1   | Found a frozen archway.
 12067 | IceCv    | Entered an ice cave
 12284 | IceCv    | HP: 1/102 [ice statue/bolt of cold (11)]
 12672 | IceCv    | Noticed an ice dragon
 12686 | IceCv    | Killed an ice dragon
 12687 | IceCv    | Reached skill level 10 in Stealth
 12687 | IceCv    | Reached skill level 5 in Invocations
 12841 | IceCv    | Identified the ring "Uruheom" {rC+ Will+ Str+2}
 13010 | Lair:1   | HP: 5/102 [wolf (2)]
 13010 | Lair:1   | Mangled by a spriggan rider

Illustrated notes

Levels and vault maps discovered:
D:1:      dpeg_arrival_pond, layout_rooms, serial_park_tiny_1
D:2:      layout_basic, serial_rivers, chequers_serial_rivers_small_3,
          chequers_serial_rivers_room_b, chequers_serial_rivers_room_a,
          chequers_serial_rivers_small_a, uniq_sigmund, uniq_jessica
D:3:      layout_loops_ring, nicolae_overflow_ecumenical_swirl,
          trog_three_pillars_becter, guppyfry_early_lair_pool
D:4:      cheibrodos_thug_alley, layout_loops_ring,
          mainiacjoe_overflow_cross_hatched, gup_ossuary_entry_pyramid,
          gup_sewer_entry_bubbles, uniq_natasha
D:5:      layout_cave_pools, bloody_makhleb, nicolae_qazlal_scattered_showers,
          minmay_holes, uniq_grinder
D:6:      minmay_chambers_of_sixes, layout_loops_corners,
          mainiacjoe_overflow_brackets, minmay_misc_feat_more_columns,
          ebering_dispersal_statue_hall
D:7:      layout_rooms, nicolae_wu_jian_glorious_leap,
          minmay_temple_entry_drinking_statues
D:8:      layout_layer_cave, zin_academy, grunt_lair_entry_orc_guard_hut,
          serial_shops, nicolae_shop_waterfront, minmay_lindwurm_lava,
          uniq_joseph
D:9:      layout_long_grid, old_standard_altar, nicolae_overflow_squiral,
          minmay_three_doors
D:10:     layout_basic, mainiacjoe_overflow_paths, tgw_kikubaaqudgha,
          uniq_sonja, uniq_erica, uniq_urug
D:11:     layout_gridville, orc_0_dummy, serial_shops, nicolae_shop_trees,
          grunt_dithmenos_shadows
D:12:     layout_small_grid, amcnicky_altar_lugonu_corruption
D:13:     layout_roguey, grunt_vaults_entry_tiered
Temple:   hellmonk_temple_forest_ring
Lair:1:   layout_regular_city, portal_ice_cave_entry_pillars_2,
          serial_bayou_pond_e, grunt_forest_large_clearings,
          lemuel_fruit_fields, uniq_nergalle

Skill      XL: |  1  2  3  4  5  6  7  8  9 10 11 12 |
---------------+-------------------------------------+-----
Short Blades   | 1 2 4 5 9 10 | 10.0
Evocations     | 4 5 6 |  6.0
Dodging        | 4 5 8 10 | 10.0
Fighting       | 3 7 9 12 | 12.0
Shields        | 5 |  5.0
Stealth        | 3 6 9 10 | 10.0
Invocations    | 3 6 |  6.1
Armour         | |  0.6

Action                     |  1- 3 |  4- 6 |  7- 9 | 10-12 || total
---------------------------+-------+-------+-------+-------++-------
  Melee: Club              |    10 |       |       |       ||    10
         Short sword       |    63 |   104 |   477 |   725 ||  1369
         Tailslap          |     1 |       |     5 |     1 ||     7
         Punch             |       |     2 |     2 |       ||     4
         Dagger            |       |       |       |     3 ||     3
  Throw: Dart              |       |       |     1 |     3 ||     4
 Invoke: Stomp             |       |       |       |    16 ||    16
         Line Pass         |       |       |       |     4 ||     4
  Evoke: Wand              |     5 |     5 |     9 |    10 ||    29
    Use: Scroll            |       |    11 |    10 |    11 ||    32
         Potion            |       |     1 |     1 |     8 ||    10
   Stab: Sleeping          |       |     2 |    10 |    19 ||    31
         Distracted        |       |     1 |     1 |     1 ||     3
         Paralysed         |       |       |       |    25 ||    25
         Confused          |       |       |       |     1 ||     1
 Armour: Leather armour    |    20 |     7 |       |       ||    27
         Robe              |       |    15 |    66 |   128 ||   209
  Dodge: Dodged            |    60 |    67 |   218 |   411 ||   756
  Block: Buckler           |       |       |    42 |   216 ||   258
